 Seeded DCSS version 0.28-a0-1199-gef9e1dbd39 (webtiles) character file.

Game seed: 4018878354053487559 (custom seed)

97 croobank the Chopper (level 4, 0/31 HPs)
             Began as an Octopode Monk on Dec 19, 2021.
             Was a Priest of Nemelex Xobeh.
             Slain by an adder (5 damage)
             ... on level 3 of the Dungeon.
             The game lasted 00:09:07 (2487 turns).

croobank the Chopper (Octopode Monk)                Turns: 2487, Time: 00:09:09

Health: 0/31       AC:  1    Str:  8    XL:     4   Next: 68%
Magic:  7/7        EV: 14    Int: 12    God:    Nemelex Xobeh [***...]
Gold:   84         SH:  0    Dex: 14    Spells: 3/7 levels left

rFire   . . .      SeeInvis .   a - +0 hand axe
rCold   . . .      Faith    .   (no shield)
rNeg    . . .      Spirit   .   (helmet restricted)
rPois   .          Reflect  .   (no amulet)
rElec   .          Harm     .   (no ring)
rCorr   .          Rampage  .   (no ring)
Will    .....      Rage     1%  (no ring)
Stlth   +++.......              (no ring)
HPRegen 0.10/turn               (no ring)
MPRegen 0.10/turn               (no ring)
                                (no ring)
                                (no ring)

@: no status effects
A: almost no armour, amphibious, 8 rings, camouflage 1, gelatinous body 1,
(nimble swimmer 1), tentacles, berserk 1, dopey 1, weak 1
a: Renounce Religion, Draw Escape, Draw Destruction, Draw Summoning, Triple Draw


You were on level 3 of the Dungeon.
You worshipped Nemelex Xobeh.
Nemelex Xobeh was most pleased with you.
You visited 1 branch of the dungeon, and saw 3 of its levels.

You collected 84 gold pieces.

Inventory:

Hand Weapons
 a - a +0 hand axe (weapon)
 f - a +2 whip of freezing
Missiles
 c - 6 boomerangs (quivered)
 e - 87 stones
 j - 30 sling bullets
Magical Staves
 g - a staff of poison
Scrolls
 b - 4 scrolls of identify {identify, unknown}
 h - 3 scrolls of teleportation {teleport, unknown}
 k - a scroll of fear {fear, unknown}
Potions
 d - a potion of curing
 i - a potion of brilliance {unknown}


   Skills:
 - Level 3.1 Fighting
 - Level 3.1 Axes
 - Level 3.1 Dodging
 - Level 3.0 Stealth
 + Level 2.2 Spellcasting
 + Level 2.5 Hexes


You had 3 spell levels left.
You knew the following spells:

 Your Spells              Type           Power      Damage    Failure   Level
a - Slow                  Hex            28%        N/A       10%         1
b - Confusing Touch       Hex            7%         N/A       28%         3

Your spell library contained the following spells:

 Spells                   Type           Power      Damage    Failure   Level
 Sting                    Tmut/Pois      4%         1d3       26%         1
 Poisonous Vapours        Pois/Air       2%         N/A       38%         2
 Stone Arrow              Conj/Erth      2%         3d7       63%         3
 Vampiric Draining        Necr           1%         2d6       63%         3
 Olgreb's Toxic Radiance  Pois           1%         N/A       95%         4
 Lehudib's Crystal Spear  Conj/Erth      0%         10d2      100%        8
 Animate Armour           Summ/Erth      Unusable   N/A       N/A         4

Dungeon Overview and Level Annotations

Branches:
Dungeon (3/15)

Altars:
Nemelex Xobeh

Shops:
D:2 (

Annotations:
D:3 Natasha


Innate Abilities, Weirdness & Mutations

You cannot wear most types of armour.
You are amphibious.
You can wear up to eight rings at the same time.
Your skin changes colour to match your surroundings (Stealth+).
Your rubbery body absorbs attacks. (AC +1, EV +1)
((You are camouflaged near water. (Stealth+)))
You have tentacles for arms and can constrict up to eight enemies at once.
You tend to lose your temper in combat.
You are dopey. (Int -2)
You are weak. (Str -2)


Message History

You hit the endoplasm.
You kill the endoplasm!
There is a stone staircase leading down here.
Found a stone staircase leading up.
Natasha, Servant of Life and Death comes into view.
An adder comes into view.
Natasha hisses angrily.
The adder hisses angrily.
Natasha casts a spell.
The adder misses you. Natasha claws you! The crimson imp barely misses you.
You hit Natasha. You grab Natasha.
Natasha is lightly wounded.
You hit the adder but do no damage. You closely miss the crimson imp.
You constrict Natasha, but do no damage.
The adder bites you.
You are poisoned.
The adder poisons you! Natasha claws you. The crimson imp hits you.
You hit Natasha but do no damage.
Natasha is lightly wounded.
You barely miss the adder. You hit the crimson imp.
You constrict Natasha, but do no damage.
You feel sick. The adder bites you.
* * * LOW HITPOINT WARNING * * *
Natasha claws you.
* * * LOW HITPOINT WARNING * * *
The adder barely misses you. The crimson imp hits you.
* * * LOW HITPOINT WARNING * * *
You draw a card...
You have drawn the Cloud.
Clouds appear around you!
You constrict Natasha.
* * * LOW HITPOINT WARNING * * *
You feel sick. The adder bites you.
* * * LOW HITPOINT WARNING * * *
Natasha closely misses you. The crimson imp hits you.
* * * LOW HITPOINT WARNING * * *
You feel better.
You constrict Natasha. The adder bites you.
* * * LOW HITPOINT WARNING * * *
Natasha claws you.
* * * LOW HITPOINT WARNING * * *
The crimson imp misses you. The adder bites you.
You die...
Your body disappears without a glow.

# ####### #
#.....# #
#.....## #
#...... #
#..... # #§§§§
# #Sh# # #5@# #
#§§#####.#### #
#§........... #
#...####.##.# #
#.....##.##.# #
#...#.##.##.# #
#####.##.##.# #
#.##.##.## #
#........###.##


You could see Natasha, a crimson imp (summoned) and an adder.

Vanquished Creatures
  Terence (D:2)
  Robin (D:2)
  An adder (D:3)
  5 endoplasms
  2 giant cockroaches
  10 goblins
  3 hobgoblins
  5 kobolds
  6 quokkas
  2 ball pythons
  6 bats
  3 rats (D:1)
45 creatures vanquished.

Notes
Turn   | Place    | Note
-------+----------+-------------------------------------------
     0 | D:1      | croobank the Octopode Monk began the quest for the Orb.
     0 | D:1      | Reached XP level 1. HP: 16/16 MP: 1/1
   234 | D:1      | Reached XP level 2. HP: 19/21 MP: 2/2
   464 | D:1      | Learned a level 1 spell: Slow
   871 | D:2      | Gained mutation: You have hidden genetic defects. [potion
                  | of mutation]
   871 | D:2      | Gained mutation: You tend to lose your temper in combat.
                  | [potion of mutation]
   875 | D:2      | Found a faded altar of an unknown god.
   884 | D:2      | Reached skill level 1 in Hexes
   887 | D:2      | Prayed at the altar of an unknown god.
   887 | D:2      | Became a worshipper of Nemelex Xobeh the Trickster
   887 | D:2      | Reached * piety under Nemelex Xobeh
   887 | D:2      | Received a gift from Nemelex Xobeh
   887 | D:2      | Reached ** piety under Nemelex Xobeh
   887 | D:2      | Received a gift from Nemelex Xobeh
   941 | D:2      | Found Ungyky's Weapon Shop.
   956 | D:2      | Reached skill level 1 in Spellcasting
   983 | D:2      | Gained mutation: You are dopey. (Int -2) [hidden defects]
  1039 | D:2      | Reached XP level 3. HP: 24/24 MP: 4/4
  1193 | D:2      | Gained mutation: You are weak. (Str -2) [hidden defects]
  1193 | D:2      | Lost mutation: You have hidden genetic defects. [hidden
                  | defects expressed]
  1314 | D:2      | Reached *** piety under Nemelex Xobeh
  1325 | D:2      | Noticed Robin
  1327 | D:2      | Killed Robin
  1342 | D:2      | Noticed Terence
  1569 | D:2      | Killed Terence
  1570 | D:2      | Reached XP level 4. HP: 31/31 MP: 5/7
  1945 | D:3      | Learned a level 3 spell: Confusing Touch
  2479 | D:3      | Noticed Natasha
  2486 | D:3      | HP: 1/31 [crimson imp[Natasha] (3)]
  2487 | D:3      | Slain by an adder

Illustrated notes

Levels and vault maps discovered:
D:1:      psy_arrival_conway, layout_rooms
D:2:      layout_loops_cross, dreamdust_ecumenical_altar_statues, serial_shops,
          shop, corexii_corridor_pit, uniq_robin, uniq_terence
D:3:      layout_loops_ring, roderic_serpentine_path, uniq_natasha

Skill      XL: |  1  2  3 |
---------------+----------+-----
Stealth        | 3 |  3.0
Hexes          | 1 2 |  2.5
Spellcasting   | 1 2 |  2.2
Fighting       | |  3.1
Axes           | |  3.1
Dodging        | |  3.1

Action                   |  1- 3 |  4- 6 || total
-------------------------+-------+-------++-------
Melee: Hand axe          |    72 |    20 ||    92
       Constrict         |    19 |     6 ||    25
       Tentacles         |    10 |     5 ||    15
 Cast: Slow              |     1 |       ||     1
Invok: Draw Destruction  |     2 |       ||     2
       Draw Escape       |       |     1 ||     1
  Use: Potion            |     2 |     1 ||     3
 Stab: Sleeping          |     7 |     1 ||     8
Armor: Skin              |     5 |       ||     5
Dodge: Dodged            |    42 |    19 ||    61

Table legend: (Time is in decaauts)
 A = Elapsed time spent in this place.
 B = Non-inter-level travel time spent in this place.
 C = Inter-level travel time spent in this place.
 D = Time resting spent in this place.
 E = Time spent auto-exploring this place.
 F = Levels seen in this place.
 G = Mean time per level.
                   A        B        C        D        E       F      G
               +--------+--------+--------+--------+--------+-----+--------+
         Total |   2508 |   2458 |     50 |    450 |   1522 |   3 |  836.0 |
       Dungeon |   2508 |   2458 |     50 |    450 |   1522 |   3 |  836.0 |
               +--------+--------+--------+--------+--------+-----+--------+

Top non-repeatable levels by time:
     D:2: 996 daAuts
     D:1: 853 daAuts
     D:3: 658 daAuts
